 Dungeon Crawl Stone Soup version 0.29.1-15-g9cfb28693d (webtiles) character file.

Game seed: 17502890615044287851

205968 javelincjr the Warrior (level 19, -3/147 HPs)
             Began as a Djinni Conjurer on Feb 27, 2023.
             Was the Champion of Makhleb.
             Blown up by an orb spider (57 damage)
             ... with an orb of destruction
             ... on level 4 of the Spider Nest.
             The game lasted 03:57:25 (35416 turns).

javelincjr the Warrior (Djinni Conjurer)           Turns: 35416, Time: 03:57:26

Health: -3/147     AC: 16    Str: 10    XL:     19   Next: 41%
Gold:   1920       EV: 11    Int: 26    God:    Makhleb [******] SH: 15 Dex: 13

rFire   + . .      SeeInvis +   X - +0 staff of Battle
rCold   + + .      Faith    .   E - +0 kite shield
rNeg    + . .      Spirit   .   D - +5 ice dragon scales
rPois   ∞          Reflect  +   (no helmet)
rElec   .          Harm     .   k - +2 cloak {rC+}
rCorr   .          Rampage  .   (no gloves)
Will    +....                   (boots unavailable)
Stlth   ++++......              z - amulet of reflection
HPRegen 0.34/turn               f - ring "Hiwk" {rN+ Int+3 SInv Stlth+}
MPRegen 0.00/turn               s - ring of wizardry

@: flying, very slightly contaminated, studying Unarmed Combat
A: sickness immunity, fire resistance 2, cold vulnerability 1, float, innate
caster, HP casting, extra vitality 1, deformed body
}: 1/15 runes: decaying
a: Renounce Religion, Minor Destruction, Lesser Servant of Makhleb, Major
Destruction, Greater Servant of Makhleb


You were on level 4 of the Spider Nest.
You worshipped Makhleb.
Makhleb was exalted by your worship.
You visited 5 branches of the dungeon, and saw 29 of its levels.
You visited 1 bazaar.
You also visited: Sewer, Bailey, Gauntlet and Ice Cave.

You collected 2085 gold pieces.
You spent 165 gold pieces at shops.

Inventory:

Hand Weapons
 w - the +8 trident of the Octopus King {venom, rElec rPois}
   (You found it on level 1 of the Lair of Beasts)

   It poisons the flesh of those it strikes.
   rElec:     It insulates you from electricity.
   rPois:     It protects you from poison.
 x - the +6 spear of Honesty {venom, rElec Stlth+}
   (You found it on level 2 of the Spider Nest)

   It poisons the flesh of those it strikes.
   rElec:     It insulates you from electricity.
   Stlth:     It makes you more stealthy.
 X - the +0 staff of Battle (weapon)
   (You found it on level 10 of the Dungeon)

   It enhances your conjuration magic.
   It summons a battlesphere in combat, with strength depending on Conjurations
   skill.
   Its strikes trigger the battlesphere's blasts.
Missiles
 c - 12 silver javelins
Armour
 k - a +2 cloak of cold resistance (worn)
 D - +5 ice dragon scales (worn)
 E - a +0 kite shield (worn)
Jewellery
 a - a ring of willpower
 f - the ring "Hiwk" (left hand) {rN+ Int+3 SInv Stlth+}
   (You took it off a minotaur in a Gauntlet)

   [ring of see invisible]

   Int:       It affects your intelligence (+3).
   rN:        It protects you from negative energy.
   SInv:      It lets you see invisible.
   Stlth:     It makes you more stealthy.
 p - an amulet of faith
 s - a ring of wizardry (right hand)
 t - a ring of protection from fire
 z - an amulet of reflection (around neck)
 H - a ring of protection from fire
 L - a +6 ring of intelligence
 P - a ring of protection from cold
Wands
 b - a wand of charming (15)
 j - a wand of flame (71)
 n - a wand of polymorph (6)
 F - a wand of acid (41)
 M - a wand of mindburst (10)
 N - a wand of roots (11)
Scrolls
 d - 15 scrolls of teleportation
 e - 4 scrolls of butterflies
 g - 8 scrolls of fear
 h - 7 scrolls of poison
 i - 19 scrolls of identify
 l - 2 scrolls of summoning
 m - 4 scrolls of silence
 v - 7 scrolls of enchant weapon
 y - 4 scrolls of magic mapping
 G - a scroll of brand weapon
 O - 4 scrolls of blinking
Potions
 o - 6 potions of haste
 q - a potion of experience
 r - 3 potions of invisibility
 u - 18 potions of curing
 A - 6 potions of resistance
 B - 10 potions of heal wounds
 C - 6 potions of brilliance
 I - 4 potions of berserk rage
 J - 6 potions of might
 K - 2 potions of ambrosia
 T - a potion of lignification


   Skills:
 * Level 16.6 Fighting
 + Level 7.4 Staves
 + Level 8.9 Armour
 + Level 13.4 Dodging
 + Level 11.2 Stealth
 + Level 8.1 Shields
 * Level 13.5 Spellcasting
 + Level 10.4 Invocations


You couldn't memorise any spells.
You knew the following spells:

 Your Spells              Type           Power      Damage    Failure   Level
a - Magic Dart            Conj           100%       1d8       1%          1
b - Searing Ray           Conj           100%       2d8       1%          2
c - Dazzling Flash        Conj/Hex       100%       N/A       1%          3
d - Fulminant Prism       Conj/Hex       46%        3d21      1%          4
e - Iskenderun's Mystic   Conj/Tloc      93%        2d18      1%          4
f - Apportation           Tloc           100%       N/A       1%          1
g - Scorch                Fire           100%       2d10      1%          2
h - Ozocubu's Armour      Ice            73%        N/A       1%          3
i - Summon Ice Beast      Ice/Summ       73%        N/A       1%          4
j - Anguish               Hex/Necr       36%        N/A       1%          4
k - Silence               Hex/Air        36%        N/A       2%          5
l - Eringya's Noxious Bo  Tmut/Pois      36%        N/A       13%         6
m - Summon Hydra          Summ           36%        N/A       54%         7
n - Summon Cactus Giant   Summ           36%        N/A       13%         6
Your spell library was empty.

Dungeon Overview and Level Annotations

Branches:
Dungeon (15/15)            Temple (1/1) D:7            Lair (5/5) D:11
  Swamp (4/4) Lair:2       Spider (4/4) Lair:2        Slime (0/5) Lair:5
    Orc (0/2) D:10         Vaults (0/5) D:13         Depths (0/4) D:15
  Sewer (visited)          Bailey (visited)           IceCv (visited)
Gauntlet (visited)

Altars:
Ashenzari
Cheibriados
Dithmenos
Elyvilon
Fedhas
Gozag
Hepliaklqana
Makhleb
Nemelex Xobeh
Okawaru
Qazlal
Ru
Trog
Uskayaw
Wu Jian
Xom
Yredelemnul
Zin
The Shining One

Shops:
D:1 [:   D:11 =   D:14 !

Portals:
Trove: D:12 (give +6 demon blade)

Annotations:
D:9 2 transporters


Innate Abilities, Weirdness & Mutations

You are immune to sickness and miasma.
You are immune to poison.
Your flesh is very heat resistant. (rF++)
You are vulnerable to cold. (rC-)
You float through the air rather than walking.
You learn spells naturally, not from books.
Your magical power is your life essence.
You have superior vitality. (+4 MHP)
Armour fits poorly on your strangely shaped body.


Message History

You feel a surge of power!
You conjure a prism of explosive energy!
A fulminant prism comes into view.
Your battlesphere fires!
The barrage of energy hits the broodmother!
The broodmother is lightly wounded.
Your battlesphere expends the last of its energy and dissipates.
The orb spider weaves a glowing orb of energy.
An orb of destruction comes into view.
You conjure a globe of magical energy.
The wavering orb of destruction hits your fulminant prism!!
You block the broodmother's attack.
Your fulminant prism crackles loudly.
Casting: Fulminant Prism (mildly dangerous; 1% risk of failure)
Confirm with . or Enter, or press ? or * to list all spells.
You feel a surge of power!
You erupt in a blast of force!
The mystic blast hits the broodmother!
The broodmother is heavily wounded.
The broodmother is knocked back by the mystic blast.
The mystic blast hits the broodmother!!
The broodmother is moderately wounded.
The broodmother is knocked back by the mystic blast.
You hear a faint skittering sound.
The orb spider weaves a glowing orb of energy.
The broodmother summons a spider!
The orb spider bites your fulminant prism!
Your fulminant prism explodes!
The blast of energy engulfs the orb spider!!!
You kill the orb spider!
The orb spider's corpse disappears in a puff of smoke!
The blast of energy engulfs the orb spider!!
The orb spider is heavily wounded.
The blast of energy engulfs the jumping spider.
The jumping spider is lightly wounded.
You hear a skittering sound.
An orb of destruction comes into view.
The orb spider's soul is no longer bound.
The orb spider is healed somewhat.
The jumping spider leaps! x2
The orb spider is healed somewhat.
The orb of destruction hits you!!!
You die...

...^###.###^##.......^..
~~....#.#.^.##.......... .
#.........##^.......... ...
#..†.......#...........
.?..##.^......†............
....s.sss...............^..
...^##○☼..s.^..............
^ #..s*○.....^...........
#.....@s.....?^........
#.~○.........^...........
^~^####....^..#^..........
### ##.....^.^............
#########...^............
....
................^.......
.... ......................
.... .....................
.... .†^....<.......^....
.....


You could see 2 broodmothers, an orb spider, a culicivora, 2 jumping spiders, a
redback (ally target) and a friendly battlesphere.

Vanquished Creatures
  Rupert (D:13)
  Agnes (D:15)
  Roxanne (D:15)
  The ghost of Smoke131 the Scorcher, a journeyman DrFE of Vehumet (D:13)
  Aizul (Spider:1)
  5 emperor scorpions (Spider:3)
  A very ugly thing (D:13)
  A broodmother (Spider:4)
  A reaper (IceCv)
  A stone giant (D:11)
  A quicksilver ooze (Gauntlet)
  Nessos (D:13)
  8 eleionomae
  4 dire elephants
  5 entropy weavers
  2 minotaurs
  10 bunyips
  2 spark wasps
  A green death (Gauntlet)
  3 fire dragons (Swamp:4)
  A vault guard (D:13)
  A jorogumo (Spider:2)
  Erolcha (D:10)
  6 boulder beetles
  11 hydras
  2 catoblepae
  5 ghost crabs
  4 centaur warriors
  7 two-headed ogres
  2 tengu warriors
  A radroach (Spider:1)
  10 death yaks
  4 alligators
  Sonja (Lair:1)
  Urug (Lair:1)
  23 skeletal warriors
  2 fire crabs (Swamp:4)
  3 pharaoh ants
  A spectral anaconda (Lair:5)
  6 spriggan druids
  5 orb spiders
  A goliath frog (Swamp:2)
  7 steelbarb worms
  8 swamp dragons
  An obsidian statue (Lair:5)
  A lindwurm (Swamp:4)
  7 bog bodies
  A lindwurm (shapeshifter) (D:14)
  3 necromancers (Lair:5)
  3 wizards (D:13)
  2 orc knights (D:15)
  A deep elf pyromancer (D:12)
  13 wolf spiders
  7 ugly things (D:13)
  An orc sorcerer (D:15)
  5 oklob plants
  6 manticores
  2 will-o-the-wisps (Swamp:4)
  7 cyclopes
  11 elephants
  A dire elephant zombie (Lair:5)
  2 moths of wrath
  A molten gargoyle (Swamp:4)
  5 black mambas
  2 ice statues (IceCv)
  2 orange demons (Gauntlet)
  4 gargoyles
  6 torpor snails
  Maggie (D:8)
  2 kobold demonologists (D:9)
  3 demonic crawlers
  2 freezing wraiths
  15 cane toads
  3 unseen horrors
  6 rime drakes
  9 komodo dragons
  3 tengu conjurers
  An anaconda simulacrum (IceCv)
  6 ice devils (IceCv)
  6 meliai (Spider:3)
  4 bloated husks
  10 tyrant leeches
  A hornet (shapeshifter) (D:15)
  3 polar bears
  2 trolls
  A nameless horror (Spider:3)
  31 blink frogs
  10 tarantellas
  15 jumping spiders
  12 dream sheep (Lair:5)
  9 slime creatures
  A spectral elephant (Lair:5)
  12 hornets
  9 culicivoras
  A fire elemental (Swamp:4)
  6 basilisks
  3 dire elephant simulacra (Lair:5)
  A human (shapeshifter) (D:13)
  8 spriggans
  3 wraiths
  2 vampires
  4 wyverns
  A human (D:10)
  38 yaks
  26 redbacks
  4 steam dragons
  2 death yak simulacra
  Eustachio (D:5)
  15 vampire mosquitoes
  Edmund (D:6)
  2 spectral cane toads (Lair:5)
  2 wargs
  4 orc warriors
  16 water moccasins
  20 swamp worms
  2 acid dragons
  13 swamp drakes
  3 ice beasts
  3 sky beasts (D:7)
  An elephant zombie (Lair:5)
  A black bear (Lair:3)
  Pargi (Sewer)
  4 boggarts (D:15)
  9 centaurs
  12 wolves
  An elephant skeleton (Lair:5)
  2 ogres
  2 phantoms
  3 kobold brigands (D:9)
  A necrophage (D:6)
  5 bullfrogs
  3 two-headed ogre simulacra (IceCv)
  5 cane toad simulacra
  A scorpion (D:4)
  2 elephant simulacra
  6 killer bees
  4 troll skeletons (Swamp:3)
  An electric eel (Lair:5)
  4 howler monkeys
  3 hounds
  4 jellies
  9 orc priests
  An iguana (D:5)
  20 orc wizards
  4 hell rats (Lair:4)
  A polar bear simulacrum (IceCv)
  2 spriggan simulacra (IceCv)
  2 troll simulacra (IceCv)
  7 gnolls (D:3)
  8 adders
  A river rat (D:6)
  4 white imps
  4 ufetubi
  A worm (D:5)
  3 dart slugs
  39 orcs
  5 endoplasms
  2 giant cockroaches
  8 goblins
  7 hobgoblins
  3 quokkas
  8 ball pythons
  5 bats
  8 frilled lizards
  20 kobolds
  11 rats
  A butterfly (Swamp:4)
  4 fulminant prisms
879 creatures vanquished.

Vanquished Creatures (collateral kills)
  A hydra (Swamp:1)
  3 alligators (Swamp:1)
  A jorogumo (Spider:1)
  An elephant (Lair:5)
  A spectral elephant (Lair:5)
  2 yaks (D:10)
  2 spriggans
  7 ogres (Bailey)
  A centaur (D:14)
  A kobold brigand (D:8)
  A shadow imp (D:8)
  2 orcs (D:8)
  2 kobolds (D:8)
25 creatures vanquished.

Vanquished Creatures (others)
  A boulder beetle (Spider:3)
  An alligator (Swamp:1)
  A swamp dragon (Swamp:4)
  A nameless horror (Spider:4)
  A hornet (Swamp:2)
  A spriggan (Swamp:2)
  2 swamp drakes (Swamp:4)
  2 foxfires (Swamp:4)
  286 fulminant prisms
  43 fungi
  56 plants
  55 withered plants
450 creatures vanquished.

Grand Total: 1354 creatures vanquished

Notes
Turn   | Place    | Note
-------+----------+-------------------------------------------
     0 | D:1      | javelincjr the Djinni Conjurer began the quest for the Orb.
     0 | D:1      | javelincjr set off with the following spells memorised:
                  | Magic Dart, Searing Ray, Dazzling Flash, Fulminant Prism,
                  | Iskenderun's Mystic Blast.
     0 | D:1      | Reached XP level 1. HP: 15/15 MP: 0/0
   102 | D:1      | Found Fuichur's Antique Armour Shop.
   266 | D:1      | Found a faded altar of an unknown god.
   297 | D:1      | Reached XP level 2. HP: 19/21 MP: 0/0
   457 | D:1      | Found Ufev's Book Shop.
   712 | D:1      | Reached XP level 3. HP: 21/25 MP: 0/0
   712 | D:1      | Learned a level 1 spell: Apportation
  1627 | D:2      | Identified the +0 sling "Umaj" {freeze, Str+3}
  1680 | D:2      | Identified the +0 robe of Haev {rC+ Will+ Slay-3}
  2049 | D:3      | Reached XP level 4. HP: 29/31 MP: 0/0
  2099 | D:3      | Reached skill level 1 in Fighting
  2758 | D:3      | Reached XP level 5. HP: 33/37 MP: 0/0
  2758 | D:3      | Learned a level 2 spell: Scorch
  2828 | D:3      | Reached skill level 1 in Armour
  3879 | D:4      | Noticed an ogre
  3933 | D:4      | Killed an ogre
  3934 | D:4      | Reached skill level 2 in Fighting
  3934 | D:4      | Reached XP level 6. HP: 36/44 MP: 0/0
  4922 | D:4      | Found a sparkling altar of Nemelex Xobeh.
  4923 | D:4      | Found an opulent altar of Gozag.
  5021 | D:5      | Entered Level 5 of the Dungeon
  5132 | D:5      | Identified the +1 leather armour of Shielding {Int+2}
  5293 | D:5      | Noticed Eustachio
  5339 | D:4      | HP: 2/45 [scorpion (4)]
  5347 | D:4      | Gained mutation: Your skin changes colour to match your
                  | surroundings (Stealth+). [potion of mutation]
  5347 | D:4      | Gained mutation: You are resistant to electric shocks.
                  | (rElec) [potion of mutation]
  5358 | D:4      | Reached skill level 3 in Fighting
  5358 | D:4      | Reached XP level 7. HP: 36/50 MP: 0/0
  5358 | D:4      | Learned a level 3 spell: Ozocubu's Armour
  5527 | D:5      | Killed Eustachio
  5863 | D:5      | Identified the +1 rapier "Uluday" {flame, rPois rC- rN+
                  | Str+4}
  6124 | D:5      | Reached XP level 8. HP: 53/58 MP: 0/0
  6203 | D:6      | Found a glowing drain.
  6271 | D:6      | Reached skill level 4 in Fighting
  6327 | Sewer    | Entered a sewer
  6392 | Sewer    | Noticed Pargi
  6398 | Sewer    | Killed Pargi
  6644 | D:6      | Reached skill level 5 in Spellcasting
  6795 | D:6      | Noticed Edmund
  6802 | D:6      | Killed Edmund
  7238 | D:7      | Reached skill level 5 in Fighting
  7238 | D:7      | Reached skill level 5 in Dodging
  7247 | D:7      | Reached XP level 9. HP: 54/65 MP: 0/0
  7247 | D:7      | Learned a level 4 spell: Summon Ice Beast
  7622 | D:7      | Found a flagged portal.
  7632 | Bailey   | Entered a bailey
  7715 | Bailey   | Reached skill level 6 in Fighting
  7991 | Bailey   | Reached XP level 10. HP: 53/73 MP: 0/0
  8066 | Bailey   | Noticed a two-headed ogre
  8072 | Bailey   | Killed a two-headed ogre
  8073 | Bailey   | Reached skill level 7 in Fighting
  8073 | Bailey   | Reached skill level 5 in Stealth
  8082 | Bailey   | Reached skill level 5 in Armour
  8859 | D:7      | Found a staircase to the Ecumenical Temple.
  9054 | Temple   | Entered the Ecumenical Temple
  9074 | Temple   | Became a worshipper of Makhleb the Destroyer
  9267 | D:8      | Noticed Maggie
  9284 | D:8      | Killed Maggie
  9520 | D:8      | Found a broken altar of Ashenzari.
  9595 | D:8      | Reached skill level 8 in Fighting
  9717 | D:8      | Found a glowing golden altar of the Shining One.
  9865 | D:8      | Reached XP level 11. HP: 67/81 MP: 0/0
  9865 | D:8      | Learned a level 4 spell: Anguish
  9930 | D:8      | Found a shimmering altar of Xom.
 10105 | D:9      | Reached skill level 1 in Invocations
 10379 | D:9      | Reached * piety under Makhleb
 10578 | D:9      | Identified the +5 dagger of World's End {flame, Dex+5}
 10585 | D:9      | Gained mutation: You are robust. (+10% HP) [a neqoxec]
 10727 | D:9      | Found a transporter.
 10732 | D:9      | Found a transporter.
 10790 | D:9      | Found a transporter.
 10793 | D:9      | Found a transporter.
 11046 | D:9      | Found a transporter.
 11050 | D:9      | Found a transporter.
 11075 | D:9      | Found a hazy altar of Hepliaklqana.
 11075 | D:9      | Found a blossoming altar of Fedhas.
 11075 | D:9      | Found a shadowy altar of Dithmenos.
 11149 | D:10     | Entered Level 10 of the Dungeon
 11226 | D:10     | Reached skill level 9 in Fighting
 11230 | D:10     | Noticed a two-headed ogre
 11267 | D:10     | Killed a two-headed ogre
 11596 | D:10     | Found a staircase to the Orcish Mines.
 11616 | D:10     | Reached ** piety under Makhleb
 11817 | D:10     | Identified the +5 rapier of Scuffed Gallantry {freeze,
                  | Int+6}
 11923 | D:10     | Found a stormy altar of Qazlal.
 12268 | D:10     | Noticed Erolcha
 12278 | D:10     | Killed Erolcha
 12279 | D:10     | Reached XP level 12. HP: 67/99 MP: 0/0
 12311 | D:10     | Found the +0 staff of Battle
 12601 | D:11     | Found Juzan's Jewellery Emporium.
 12603 | D:11     | Identified a scroll of acquirement
 12604 | D:11     | Acquired the +1 cloak "Vurukh" {Will+ rCorr Dex+5}
 12708 | D:11     | Noticed a stone giant
 12724 | D:11     | Noticed a two-headed ogre
 12724 | D:11     | Killed a stone giant
 12725 | D:11     | Reached skill level 10 in Fighting
 12726 | D:11     | Noticed a two-headed ogre
 12729 | D:11     | Killed a two-headed ogre
 12742 | D:11     | Killed a two-headed ogre
 12789 | D:11     | Got the +3 eveningstar of Dyath {vorpal, Fly}
 12852 | D:11     | Found a staircase to the Lair.
 13445 | D:12     | Noticed a skeletal warrior
 13452 | D:12     | Killed a skeletal warrior
 13452 | D:12     | Noticed a skeletal warrior
 13461 | D:12     | Killed a skeletal warrior
 13461 | D:12     | Noticed a skeletal warrior
 13462 | D:12     | Reached XP level 13. HP: 96/106 MP: 0/0
 13462 | D:12     | Learned a level 5 spell: Silence
 13495 | D:12     | Reached skill level 11 in Fighting
 13587 | D:12     | Noticed a boulder beetle
 13607 | D:12     | Killed a boulder beetle
 13662 | D:12     | Reached *** piety under Makhleb
 13666 | D:12     | Reached skill level 5 in Invocations
 13700 | D:12     | Noticed a six-headed hydra
 13702 | D:12     | Found a frozen archway.
 13706 | D:12     | Killed a six-headed hydra
 13720 | IceCv    | Entered an ice cave
 14242 | IceCv    | Noticed a reaper
 14250 | IceCv    | Killed a reaper
 14439 | D:12     | Found a gateway to a bazaar.
 14445 | Bazaar   | Entered a bazaar
 14454 | Bazaar   | Found Bygh's Antique Armour Boutique.
 14476 | Bazaar   | Found Oblad's Distillery.
 14491 | Bazaar   | Found Jull's Weapon Shop.
 14511 | Bazaar   | Found Welur's Weapon Shop.
 14553 | Bazaar   | Bought a potion of heal wounds for 80 gold pieces
 14605 | D:12     | Found a portal to a secret trove of treasure.
 14889 | D:12     | Reached **** piety under Makhleb
 15005 | D:12     | Lost mutation: You are robust. (+10% HP) [potion of
                  | mutation]
 15005 | D:12     | Lost mutation: Your skin changes colour to match your
                  | surroundings (Stealth+). [potion of mutation]
 15005 | D:12     | Gained mutation: Armour fits poorly on your strangely
                  | shaped body. [potion of mutation]
 15005 | D:12     | Gained mutation: You have a beak for a mouth. [potion of
                  | mutation]
 15005 | D:12     | Gained mutation: You are agile. (Dex +4, Str/Int -1)
                  | [potion of mutation]
 15006 | D:12     | Lost mutation: Armour fits poorly on your strangely shaped
                  | body. [potion of mutation]
 15006 | D:12     | Lost mutation: You are resistant to electric shocks.
                  | (rElec) [potion of mutation]
 15006 | D:12     | Lost mutation: You are agile. (Dex +4, Str/Int -1) [potion
                  | of mutation]
 15006 | D:12     | Gained mutation: You occasionally lose the ability to drink
                  | potions when taking damage. [potion of mutation]
 15006 | D:12     | Gained mutation: You have a pair of small antennae on your
                  | head. [potion of mutation]
 15007 | D:12     | Lost mutation: You have a pair of small antennae on your
                  | head. [potion of mutation]
 15007 | D:12     | Lost mutation: You occasionally lose the ability to drink
                  | potions when taking damage. [potion of mutation]
 15007 | D:12     | Lost mutation: You have a beak for a mouth. [potion of
                  | mutation]
 15007 | D:12     | Gained mutation: You have a pair of small horns on your
                  | head. [potion of mutation]
 15007 | D:12     | Gained mutation: You expend health (3 HP) to strengthen
                  | your wands. [potion of mutation]
 15008 | D:12     | Lost mutation: You expend health (3 HP) to strengthen your
                  | wands. [potion of mutation]
 15008 | D:12     | Lost mutation: You have a pair of small horns on your head.
                  | [potion of mutation]
 15008 | D:12     | Gained mutation: Your body sometimes deteriorates upon
                  | taking damage. [potion of mutation]
 15008 | D:12     | Gained mutation: Your body often deteriorates upon taking
                  | damage. [potion of mutation]
 15009 | D:12     | Lost mutation: Your body often deteriorates upon taking
                  | damage. [potion of mutation]
 15009 | D:12     | Lost mutation: Your body sometimes deteriorates upon taking
                  | damage. [potion of mutation]
 15009 | D:12     | Gained mutation: You are dopey. (Int -2) [potion of
                  | mutation]
 15009 | D:12     | Gained mutation: You are agile. (Dex +4, Str/Int -1)
                  | [potion of mutation]
 15096 | D:12     | Found a hazy altar of Hepliaklqana.
 15152 | D:13     | Noticed Nessos
 15157 | D:13     | Killed Nessos
 15158 | D:13     | Reached skill level 10 in Spellcasting
 15158 | D:13     | Reached XP level 14. HP: 103/106 MP: 0/0
 15177 | D:13     | Reached skill level 12 in Fighting
 15559 | D:13     | Found a runed translucent gate.
 15559 | D:13     | Found a runed translucent gate.
 15559 | D:13     | Found a runed translucent gate.
 15559 | D:13     | Noticed Smoke131's ghost (journeyman DrFE)
 15569 | D:13     | Noticed a minotaur
 15994 | D:13     | Reached skill level 10 in Dodging
 16030 | D:13     | Found a gate to the Vaults.
 16071 | D:13     | Identified the +1 robe of Refuge {Rampage +Blink rC++
                  | Str-4}
 16425 | D:14     | Found Yxkeugg's Distillery.
 16458 | D:14     | Bought a potion of heal wounds for 85 gold pieces
 16903 | D:14     | Found a snail-covered altar of Cheibriados.
 16947 | D:14     | Found a hide-covered altar of Uskayaw.
 17281 | D:15     | Entered Level 15 of the Dungeon
 17281 | D:15     | Found a gate leading to a gauntlet.
 17311 | Gauntlet | Entered a Gauntlet
 17311 | Gauntlet | Found a transporter.
 17330 | Gauntlet | Found a transporter.
 17330 | Gauntlet | Noticed an entropy weaver
 17350 | Gauntlet | Found a transporter.
 17351 | Gauntlet | Found a transporter.
 17372 | Gauntlet | Found a transporter.
 17386 | Gauntlet | Found a transporter.
 17399 | Gauntlet | Found a transporter.
 17403 | Gauntlet | Noticed a quicksilver ooze
 17418 | Gauntlet | Found a transporter.
 17422 | Gauntlet | Found a transporter.
 17427 | Gauntlet | Found a runed translucent door.
 17432 | Gauntlet | Found a transporter.
 17455 | Gauntlet | Found a transporter.
 17457 | Gauntlet | Found a transporter.
 17585 | Gauntlet | Reached skill level 1 in Shields
 17600 | Gauntlet | Identified the ring of Recklessness {rC+ Slay+3}
 17627 | Gauntlet | Killed a quicksilver ooze
 17628 | Gauntlet | Reached skill level 1 in Staves
 17634 | Gauntlet | Identified the +0 cloak of Fallacy {Str+2 Slay+3}
 17675 | Gauntlet | Identified the ring "Hiwk" {rN+ Int+3 SInv Stlth+}
 17675 | Gauntlet | Noticed a minotaur
 17681 | Gauntlet | Killed a minotaur
 17798 | D:15     | Reached ***** piety under Makhleb
 17810 | D:15     | Reached XP level 15. HP: 48/113 MP: 0/0
 17810 | D:15     | Learned a level 6 spell: Eringya's Noxious Bog
 18100 | D:15     | Reached skill level 13 in Fighting
 18446 | D:13     | Noticed Rupert
 18458 | D:13     | Killed Rupert
 18608 | D:13     | Noticed a red very ugly thing
 18619 | D:13     | Killed a white very ugly thing
 19090 | D:13     | Killed Smoke131's ghost
 19193 | D:15     | Noticed Agnes
 19203 | D:15     | Killed Agnes
 19449 | D:15     | Noticed Roxanne
 19608 | D:15     | Killed Roxanne
 19893 | D:15     | Lost mutation: You are agile. (Dex +4, Str/Int -1) [potion
                  | of mutation]
 19893 | D:15     | Lost mutation: You are dopey. (Int -2) [potion of mutation]
 19893 | D:15     | Gained mutation: You are frail. (-10% HP) [potion of
                  | mutation]
 19893 | D:15     | Gained mutation: You have a somewhat thin skeletal
                  | structure. (Dex +2, Stealth+) [potion of mutation]
 19893 | D:15     | Gained mutation: You are strong-willed. (Will+) [potion of
                  | mutation]
 19893 | D:15     | Gained mutation: You are somewhat resistant to further
                  | mutation. [potion of mutation]
 19955 | D:15     | Found a staircase to the Depths.
 20183 | Lair:1   | Entered Level 1 of the Lair of Beasts
 20215 | Lair:1   | Noticed Urug
 20218 | Lair:1   | Found the +8 trident of the Octopus King {venom, rElec
                  | rPois}
 20230 | Lair:1   | Killed Urug
 20803 | Lair:1   | Noticed Sonja
 20806 | Lair:1   | Killed Sonja
 21153 | Lair:2   | Found a staircase to the Swamp.
 21334 | Lair:2   | Reached XP level 16. HP: 109/109 MP: 0/0
 21749 | Lair:2   | Reached skill level 14 in Fighting
 21866 | Lair:2   | Found a hole to the Spider Nest.
 22575 | Lair:3   | Reached ****** piety under Makhleb
 23355 | Lair:4   | Reached skill level 5 in Shields
 24806 | Lair:5   | Entered Level 5 of the Lair of Beasts
 25079 | Lair:5   | Reached skill level 5 in Staves
 25157 | Lair:5   | Found a staircase to the Slime Pits.
 25905 | Lair:5   | Reached XP level 17. HP: 85/117 MP: 0/0
 25905 | Lair:5   | Learned a level 7 spell: Summon Hydra
 26472 | Lair:5   | Reached skill level 10 in Stealth
 27230 | Lair:5   | Reached skill level 15 in Fighting
 27382 | Swamp:1  | Entered Level 1 of the Swamp
 27398 | Swamp:1  | Lost mutation: You are frail. (-10% HP) [potion of
                  | mutation]
 27398 | Swamp:1  | Lost mutation: You have a somewhat thin skeletal structure.
                  | (Dex +2, Stealth+) [potion of mutation]
 27398 | Swamp:1  | Gained mutation: You are agile. (Dex +4, Str/Int -1)
                  | [potion of mutation]
 29921 | Swamp:4  | Entered Level 4 of the Swamp
 29940 | Swamp:4  | Reached XP level 18. HP: 113/138 MP: 0/0
 31261 | Swamp:4  | Reached skill level 16 in Fighting
 31418 | Swamp:4  | Got a decaying rune of Zot
 31728 | Spider:1 | Entered Level 1 of the Spider Nest
 31728 | Spider:1 | Noticed Aizul
 31915 | Spider:1 | Killed Aizul
 32275 | Temple   | Lost mutation: You are agile. (Dex +4, Str/Int -1) [potion
                  | of mutation]
 32275 | Temple   | Lost mutation: You are strong-willed. (Will+) [potion of
                  | mutation]
 32276 | Temple   | Lost mutation: You are somewhat resistant to further
                  | mutation. [potion of mutation]
 32276 | Temple   | Gained mutation: Armour fits poorly on your strangely
                  | shaped body. [potion of mutation]
 32513 | Spider:1 | Reached skill level 10 in Invocations
 33367 | Spider:2 | Identified the +6 spear of Honesty {venom, rElec Stlth+}
 33699 | Spider:3 | Reached XP level 19. HP: 145/146 MP: 0/0
 33699 | Spider:3 | Learned a level 6 spell: Summon Cactus Giant
 33903 | Spider:3 | HP: 1/147 [meliai/divine providence (11)]
 35196 | Spider:4 | Entered Level 4 of the Spider Nest
 35416 | Spider:4 | Blown up by an orb spider

Illustrated notes

Levels and vault maps discovered:
D:1:      erik_arrival_blinker_ship, layout_loops_ring, serial_shops,
          nicolae_shop_stone, shop_fountains,
          shapermc_ecumenical_altar_totnotflames, minmay_misc_feat_columns,
          wad_floor_pattern_2, minmay_tetromino_t4
D:2:      layout_rooms
D:3:      layout_basic
D:4:      layout_layer_cave, grunt_temple_overflow_opulence,
          nicolae_overflow_hidden_temple
D:5:      layout_cave_pools, st_stairs_3, uniq_eustachio
D:6:      layout_rooms, portal_sewer_entry_c, uniq_edmund
D:7:      layout_rooms, minmay_temple_entry_slanted, enter_bailey_2
D:8:      layout_rooms, kennysheep_mini, xom_teletrap_fun,
          nicolae_tso_swordbearing_angel, grunt_decor_resistance, uniq_maggie
D:9:      layout_rooms, gammafunk_temple_overflow_claw, dreamdust_wishing_well,
          serial_nicolae_subway, nicolae_sub_station_stone,
          nicolae_sub_station_crystal, nicolae_sub_station_metal
D:10:     layout_stronghold, general_overflow_altar, led_sif_book, erik_orc_4,
          hellmonk_guarded_unrand_staff_of_battle, uniq_erolcha
D:11:     minmay_roctagon, layout_irregular_city, lair_entry_dummy,
          serial_shops, nicolae_shop_hallway_plus
D:12:     layout_roguey, nicolae_trove_entry_crossroad, serial_shops,
          bzr_entry_safe, portal_ice_cave_entry_pillars_1, chequers_garden,
          serial_bayou_pond_c, nicolae_hepliaklqana_hazy_memory
D:13:     cheibrodos_breeding_chamber, layout_layer_cave, david_vaults_5,
          maelrawn_ghost_gauntlet_escape, minmay_circle_x, uniq_nessos,
          uniq_rupert
D:14:     layout_basic, serial_shops, shop, old_standard_altar,
          dancing_weapons_uskayaw
D:15:     hangedman_depths_entry_try_elsewhere_first, layout_cave_pools,
          gauntlet_entry_generic, skrybe_limestone_x, uniq_agnes, uniq_roxanne
Temple:   nicolae_temple_bog_church
Lair:1:   layout_regular_city, st_stairs_13, grunt_megastairs_2, uniq_urug,
          uniq_sonja
Lair:2:   layout_cave_pods, swamp_mist, spider_nest_entry_funnel_web,
          grunt_megastairs_5
Lair:3:   layout_cave_shapes
Lair:4:   layout_layer_cave, cheibrodos_lair_reptile_den, lemuel_fruit_tree,
          grunt_megastairs_3
Lair:5:   due_jungle_book, layout_loops_ring, minmay_slime_entry_oklob_open,
          infiniplex_staircase_pool
Swamp:1:  layout_basic_swamp, evilmike_swamp_ruin_house_1, swamp_pool5,
          infiniplex_staircase_pool_2
Swamp:2:  layout_basic_swamp, evilmike_swamp_ruin_house_2
Swamp:3:  layout_falls_marsh, nicolae_swamp_bean_lake, swamp_pool3,
          cheibrodos_swamp_minitomb
Swamp:4:  swamp_fiery, layout_basic_swamp, swamp_pool2,
          nicolae_swamp_frolicking_bunyips
Spider:1: nicolae_spider_mines_3, uniq_aizul
Spider:2: layout_spider_delve, drop_trap, nicolae_spider_twisty_arc_passages
Spider:3: layout_cave_pods, nicolae_spider_scorpion_nest
Spider:4: hellmonk_spider_rune_endless_swarm

Skill      XL: |  1  2  3  4  5  6  7  8  9 10 11 12 13 14 15 16 17 18 19 |
---------------+----------------------------------------------------------+-----
Stealth        | 2 3 4 5 6 7 8 9 10 11 | 11.2
Fighting       | 1 2 3 5 6 8 9 10 11 12 13 14 15 16 | 16.6
Dodging        | 3 4 5 6 7 8 9 10 11 12 13 | 13.4
Armour         | 1 2 3 4 5 6 7 8 |  8.9
Spellcasting   | 4 5 6 7 8 9 10 11 12 13 | 13.5
Invocations    | 2 4 5 6 7 8 9 10 | 10.4
Shields        | 2 4 5 6 7 8 |  8.1
Staves         | 1 3 5 6 7 |  7.4

Action                   |  1- 3 |  4- 6 |  7- 9 | 10-12 | 13-15 | 16-18 | 19-21 || total
-------------------------+-------+-------+-------+-------+-------+-------+-------++-------
Melee: Dagger            |    10 |       |       |       |       |       |       ||    10
       Staff             |       |    10 |     5 |     4 |       |    10 |     8 ||    37
       Rapier            |       |       |       |    17 |       |       |       ||    17
 Cast: Magic Dart        |    73 |    77 |    42 |   104 |   210 |   666 |    76 ||  1248
       Searing Ray       |       |     5 |     8 |     1 |       |       |       ||    14
       Scorch            |       |     6 |    18 |    19 |     1 |     4 |       ||    48
       Fulminant Prism   |       |     4 |    10 |    68 |   121 |    78 |     9 ||   290
       Iskenderun's Myst |       |     2 |    20 |    43 |   136 |   276 |    70 ||   547
       Summon Ice Beast  |       |       |     3 |     3 |     4 |    10 |       ||    20
       Anguish           |       |       |       |     2 |     1 |     1 |     2 ||     6
       Dazzling Flash    |       |       |       |       |     1 |       |       ||     1
       Eringya's Noxious |       |       |       |       |       |     3 |       ||     3
       Summon Cactus Gia |       |       |       |       |       |       |     2 ||     2
       Summon Hydra      |       |       |       |       |       |       |     1 ||     1
  Use: Potion            |       |     3 |       |       |     8 |     3 |     5 ||    19
       Scroll            |       |       |       |    16 |    14 |     1 |     3 ||    34
 Stab: Sleeping          |     1 |       |       |       |       |       |       ||     1
Armor: Robe              |     1 |       |       |       |       |       |       ||     1
       Skin              |       |    16 |       |       |       |       |    54 ||    70
       Leather armour    |       |     9 |    12 |    15 |     4 |       |       ||    40
       Ice dragon scales |       |       |       |       |    30 |    69 |    14 ||   113
Dodge: Dodged            |    11 |    19 |    12 |    38 |    19 |    68 |    25 ||   192
Block: Other             |       |       |     5 |     9 |       |       |       ||    14
       Reflection        |       |       |       |     4 |    12 |     6 |       ||    22
       Buckler           |       |       |       |     2 |    42 |    15 |       ||    59
       Kite shield       |       |       |       |       |       |   103 |    43 ||   146
